 Dungeon Crawl Stone Soup version 0.24.1-5-g77f818bfca (webtiles) character file.

Game seed: 12985891518545084891, levelgen mode: deterministic

500 Nixze the Firebug (level 6, 0/35 HPs)
             Began as a Deep Elf Fire Elementalist on Apr 22, 2020.
             Was an Initiate of Sif Muna.
             Slain by a sky beast (2 damage)
             ... on level 5 of the Dungeon.
             The game lasted 00:16:31 (5618 turns).

Nixze the Firebug (Deep Elf Fire Elementalist)      Turns: 5618, Time: 00:16:32

Health: 0/35       AC:  7    Str:  8    XL:     6   Next: 94%
Magic:  11/14      EV: 14    Int: 22    God:    Sif Muna [......]
Gold:   157        SH:  0    Dex: 15    Spells: 5/14 levels left

rFire    . . .     SeeInvis .   b - +3 rapier
rCold    . . .     Gourm    .   (no shield)
rNeg     . . .     Faith    .   E - +0 robe {MR+}
rPois    .         Spirit   .   (no helmet)
rElec    .         Reflect  .   C - +0 cloak
rCorr    +         Harm     .   B - +2 pair of gloves {Str+3}
MR       +....                  z - +0 pair of boots
Stlth    ++........             (no amulet)
HPRegen  0.11/turn              o - +1 ring of evasion
MPRegen  0.14/turn              p - ring of resist corrosion

@: no status effects
A: no striking features
a: Renounce Religion


You were on level 5 of the Dungeon.
You worshipped Sif Muna.
Sif Muna was noncommittal.
You were not hungry.

You visited 1 branch of the dungeon, and saw 5 of its levels.

You collected 157 gold pieces.

Inventory:

Hand Weapons
 a - a +0 hunting sling
 b - a +3 rapier (weapon)
Missiles
 f - 4 boomerangs
 g - 165 stones (quivered)
 h - a throwing net
 i - 61 sling bullets
Armour
 d - a +0 shield
 z - a +0 pair of boots (worn)
 B - a +2 pair of gloves of strength (worn)
 C - a +0 cloak (worn)
 E - a +0 robe of magic resistance (worn)
Jewellery
 o - a +1 ring of evasion (left hand)
 p - a ring of resist corrosion (right hand)
Scrolls
 k - 2 scrolls of identify
 l - a scroll of magic mapping {unknown}
 r - a scroll of amnesia {unknown}
 t - a scroll of noise {unknown}
 u - a scroll of enchant weapon {unknown}
 v - 2 scrolls of teleportation
Potions
 e - 2 potions of might {unknown}
 j - 2 potions of mutation
 m - 2 potions of lignification {unknown}
 q - 2 potions of berserk rage {unknown}
 s - a potion of haste
 w - 4 potions of agility {unknown}
 x - a potion of invisibility {unknown}
 A - a potion of heal wounds {unknown}
 D - a potion of degeneration {unknown}
Comestibles
 c - 10 rations
 n - 3 chunks of flesh


   Skills:
 + Level 2.0 Fighting
 - Level 2.8 Dodging
 - Level 2.4 Stealth
 + Level 1.5 Shields
 + Level 4.5 Spellcasting
 + Level 3.1 Conjurations
 * Level 2.8 Hexes
 * Level 5.6 Fire Magic


You had 5 spell levels left.
You knew the following spells:

 Your Spells              Type           Power        Failure   Level  Hunger
a - Flame Tongue          Conj/Fire      ###..        1%          1    None
b - Throw Flame           Conj/Fire      ###...       2%          2    None
c - Conjure Flame         Conj/Fire      ###.....     5%          3    ##.....
d - Inner Flame           Hex/Fire       ###.....     5%          3    ##.....

Your spell library contained the following spells:

 Spells                   Type           Power        Failure   Level  Hunger
 Corona                   Hex            ###....      3%          1    None
 Ensorcelled Hibernation  Hex/Ice        ##....       9%          2    None
 Confuse                  Hex            ###.....     10%         3    ##.....
 Dazzling Spray           Conj/Hex       ###...       10%         3    ##.....
 Tukima's Dance           Hex            ###.....     10%         3    ##.....
 Sticky Flame             Conj/Fire      ###.....     17%         4    ####...
 Fireball                 Conj/Fire      ###.......   43%         5    #####..


Dungeon Overview and Level Annotations

Branches:
Dungeon (5/15)
 Temple: D:4-7

Altars:
Ashenzari
Nemelex Xobeh
Okawaru
Qazlal
Sif Muna


Message History

Casting: Throw Flame (safe; 2% risk of failure)
Confirm with . or Enter, or press ? or * to list all spells.
Aiming: Flame Tongue (safe; 1% risk of failure)
Press: ? - help, Shift-Dir - straight line The flame tongue hits something!
Something hits you.
* * * LOW HITPOINT WARNING * * *
Something shocks you.
* * * LOW HITPOINT WARNING * * *
Casting: Flame Tongue (safe; 1% risk of failure)
Confirm with . or Enter, or press ? or * to list all spells.
Aiming: Flame Tongue (safe; 1% risk of failure)
Press: ? - help, Shift-Dir - straight line The flame tongue hits something but does no damage.
Something hits you but does no damage.
Casting: Flame Tongue (safe; 1% risk of failure)
Confirm with . or Enter, or press ? or * to list all spells.
Aiming: Flame Tongue (safe; 1% risk of failure)
Press: ? - help, Shift-Dir - straight line Something hits you.
You die...

##......## ##..# #... ##......##
#..## ##.. ##......## ##..# ##.
##......##### #<.## ###### #.
##...........### #..####....## #.
#..............###[.##.......###.
...............##..#...........#.
...............#.................
............[)..@#...............
............))####...............
#...........<.# ##...............
#.............# #................
##...........## #................
#............# #...............#
............## ##................
..##........# #.............#...
......# #....).....>.#....


There were no monsters in sight!

Vanquished Creatures
  A howler monkey (D:5)
  An orc priest (D:3)
  Natasha (thrice) (D:2)
  5 orc wizards
  A worker ant (D:3)
  A hound skeleton (D:4)
  Robin (D:2)
  3 adders
  2 oozes
  3 worms
  3 dart slugs
  4 leopard geckos
  8 orcs
  11 bats
  2 giant cockroaches
  27 goblins
  16 hobgoblins
  8 jackals
  A ball python (D:3)
  6 frilled lizards
  7 kobolds
  2 rats (D:1)
116 creatures vanquished.

Notes
Turn   | Place    | Note
-------+----------+-------------------------------------------
     0 | D:1      | Nixze the Deep Elf Fire Elementalist began the quest for
                  | the Orb.
     0 | D:1      | Reached XP level 1. HP: 10/10 MP: 6/6
   148 | D:1      | Reached XP level 2. HP: 16/16 MP: 6/8
   378 | D:1      | Learned a level 2 spell: Throw Flame
   746 | D:1      | Reached XP level 3. HP: 20/20 MP: 6/9
  1435 | D:2      | You fall into a shaft and drop 1 floor!
  1438 | D:3      | Reached skill level 4 in Fire Magic
  1550 | D:3      | Found a shimmering blue altar of Sif Muna.
  1943 | D:3      | Reached skill level 1 in Fighting
  1943 | D:3      | Reached XP level 4. HP: 25/25 MP: 8/11
  2144 | D:3      | Reached XP level 5. HP: 29/29 MP: 9/12
  2798 | D:2      | Noticed Robin
  2816 | D:2      | Killed Robin
  2816 | D:2      | Reached skill level 1 in Shields
  3104 | D:2      | Noticed Natasha
  3111 | D:2      | Killed Natasha
  3116 | D:2      | Learned a level 3 spell: Conjure Flame
  3120 | D:2      | Learned a level 3 spell: Inner Flame
  3677 | D:2      | Noticed Natasha
  3685 | D:2      | Killed Natasha
  3685 | D:2      | Reached skill level 1 in Hexes
  3685 | D:2      | Reached skill level 5 in Fire Magic
  3792 | D:2      | Noticed Natasha
  3798 | D:2      | Killed Natasha
  3798 | D:2      | Reached XP level 6. HP: 33/34 MP: 10/14
  4485 | D:3      | Became a worshipper of Sif Muna the Loreminder
  4616 | D:4      | Found a shattered altar of Ashenzari.
  5075 | D:5      | Entered Level 5 of the Dungeon
  5075 | D:5      | Found a stormy altar of Qazlal.
  5075 | D:5      | Noticed a sky beast
  5119 | D:5      | Found a sparkling altar of Nemelex Xobeh.
  5580 | D:5      | Found an iron altar of Okawaru.
  5618 | D:5      | Slain by a sky beast

Levels and vault maps discovered:
D:1:      dpeg_arrival_round_a, layout_basic, minmay_pentomino_p4
D:2:      layout_basic, serial_glass, glass_columns_b, glass_columns_c,
          minmay_goblin_outpost, uniq_robin, uniq_natasha
D:3:      layout_rooms, nicolae_overflow_hidden_temple, first_ration,
          glass_columns_a
D:4:      layout_cave_pools, kennysheep_mini
D:5:      layout_cave_pods, nemelex_xobeh_ov_fountains_minmay,
          marbit_many_paths, grunt_temple_overflow_open, tgw_trog

Skill      XL: |  1  2  3  4  5  6 |
---------------+-------------------+-----
Fire Magic     | 4 5 |  5.6
Fighting       | 1 2 |  2.0
Conjurations   | 2 3 |  3.1
Spellcasting   | 4 |  4.5
Shields        | 1 |  1.5
Hexes          | 1 2 |  2.8
Dodging        | |  2.8
Stealth        | |  2.4

Action                   |  1- 3 |  4- 6 || total
-------------------------+-------+-------++-------
Melee: Rapier            |       |     2 ||     2
 Fire: Hunting sling     |    11 |   112 ||   123
Throw: Stone             |     5 |       ||     5
 Cast: Flame Tongue      |    63 |   138 ||   201
       Throw Flame       |       |     1 ||     1
  Use: Scroll            |     5 |     2 ||     7
  Eat: Chunk             |     3 |    11 ||    14
Armor: Robe              |     5 |     7 ||    12
Dodge: Dodged            |    19 |    38 ||    57
